 Dungeon Crawl Stone Soup version 0.25-b1-39-g0d900dab71 (webtiles) character file.

Game seed: 17353945381550247360

292 diana the Skirmisher (level 6, 0/49 HPs)
             Began as a Demonspawn Berserker on June 7, 2020.
             Was a Believer of Trog.
             Splashed by a jelly's acid (8 damage)
             ... on level 3 of the Dungeon.
             The game lasted 00:02:48 (1993 turns).

diana the Skirmisher (Demonspawn Berserker)         Turns: 1993, Time: 00:02:49

Health: 0/49       AC: -5    Str: 19    XL:     6   Next: 10%
Magic:  0/6        EV: 11    Int: 14    God:    Trog [**....]
Gold:   146        SH:  0    Dex: 13    Spells: 5/5 levels left

rFire    . . .     SeeInvis .   a - +0 hand axe
rCold    . . .     Gourm    .   (no shield)
rNeg     . . .     Faith    .   o - +0 ring mail
rPois    .         Spirit   +   (no helmet)
rElec    .         Reflect  .   (no cloak)
rCorr    .         Harm     .   (no gloves)
MR       .....                  q - +0 pair of boots
Stlth    +.........             (no amulet)
HPRegen  1.16/turn              n - +6 ring of intelligence
MPRegen  0.10/turn              (no ring)

@: corroded
A: hooves 2, powered by death 1, magic shield
a: Berserk, Trog's Hand, Renounce Religion


You were on level 3 of the Dungeon.
You worshipped Trog.
Trog was pleased with you.
You were not hungry.

You visited 1 branch of the dungeon, and saw 3 of its levels.

You collected 146 gold pieces.

Inventory:

Hand Weapons
 a - a +0 hand axe (weapon)
Missiles
 v - 2 throwing nets (quivered)
Armour
 o - a +0 ring mail (worn)
 q - a +0 pair of boots (worn)
Jewellery
 n - a +6 ring of intelligence (left hand)
Scrolls
 d - a scroll of remove curse {unknown}
 e - a scroll of teleportation {unknown}
 f - a scroll of enchant weapon {unknown}
 h - a scroll of random uselessness {unknown}
 j - 2 scrolls of identify {unknown}
 l - a scroll of amnesia {unknown}
 m - a scroll of blinking {unknown}
Potions
 g - 2 potions of haste {unknown}
 i - 2 potions of stabbing {unknown}
 k - a potion of might {unknown}
 p - a potion of mutation {unknown}
 r - 2 potions of resistance
 s - a potion of lignification {unknown}
 t - 2 potions of curing {unknown}
 u - a potion of ambrosia {unknown}
Comestibles
 c - 4 rations


   Skills:
 + Level 4.6 Fighting
 + Level 4.2 Axes
 + Level 3.6 Armour
 - Level 1.7 Dodging


You had 5 spell levels left.
You didn't know any spells.
Your spell library was empty.

Dungeon Overview and Level Annotations

Branches:
Dungeon (3/15)

Altars:


Innate Abilities, Weirdness & Mutations

You have hoof-like feet.
You regenerate a little health from kills.
When hurt, damage is shared between your health and your magic reserves.


Message History

You are too injured to fight recklessly!
You are too injured to fight recklessly!
You are too injured to fight recklessly!
You hit the jelly but do no damage.
Your hands burn!
* * * LOW HITPOINT WARNING * * *
The jelly is heavily wounded.
You barely miss the giant cockroach. The giant cockroach bites you.
* * * LOW HITPOINT WARNING * * *
The jelly barely misses you.
Unknown command.
You hit the jelly. The acid corrodes you!
Your hands burn!
* * * LOW HITPOINT WARNING * * *
The jelly is heavily wounded.
You hit the giant cockroach.
You kill the giant cockroach!
Trog accepts your kill. The jelly hits you.
* * * LOW HITPOINT WARNING * * *
The acid corrodes you!
You are splashed with acid!
You die...

###### ######....
#....#.#.###########
###....#.#...........##
..................!....
.......................
##.#####<............#
###..##.......##
#))##.@†......
#.)##.J.......
#..##.........
.............##
......##.........
#.###.#.######$#### #
#)#.# .# ....# ..
#.....


You could see a jelly.

Vanquished Creatures
  Sigmund (D:2)
  Jessica (D:2)
  Robin (D:2)
  4 gnolls (D:3)
  2 adders
  A dart slug (D:1)
  A leopard gecko (D:1)
  6 giant cockroaches
  8 goblins
  5 hobgoblins
  4 jackals (D:2)
  2 bats (D:1)
  2 frilled lizards
  A kobold (D:2)
39 creatures vanquished.

Notes
Turn   | Place    | Note
-------+----------+-------------------------------------------
     0 | D:1      | diana the Demonspawn Berserker began the quest for the Orb.
     0 | D:1      | Reached XP level 1. HP: 18/18 MP: 1/1
   323 | D:1      | Gained mutation: You have large cloven feet. [demonic
                  | ancestry]
   323 | D:1      | Reached XP level 2. HP: 24/24 MP: 2/2
   831 | D:2      | Noticed Sigmund
  1130 | D:2      | Gained mutation: You regenerate a little health from kills.
                  | [demonic ancestry]
  1130 | D:2      | Reached XP level 3. HP: 28/29 MP: 3/3
  1133 | D:2      | Killed Sigmund
  1133 | D:2      | Gained mutation: You have hoof-like feet. [demonic
                  | ancestry]
  1133 | D:2      | Reached XP level 4. HP: 24/37 MP: 4/4
  1133 | D:2      | Gained mutation: When hurt, damage is shared between your
                  | health and your magic reserves. [demonic ancestry]
  1133 | D:2      | Reached XP level 5. HP: 27/42 MP: 5/5
  1403 | D:2      | Noticed Jessica
  1421 | D:2      | Killed Jessica
  1497 | D:2      | Noticed Robin
  1509 | D:2      | Reached ** piety under Trog
  1515 | D:2      | Killed Robin
  1745 | D:3      | Reached XP level 6. HP: 11/49 MP: 2/6
  1993 | D:3      | Splashed by a jelly's acid

Illustrated notes

Levels and vault maps discovered:
D:1:      tarquinn_simple_flora_water_f, layout_basic,
          chequers_serial_rivers_marsh
D:2:      layout_rooms, uniq_jessica, uniq_sigmund, uniq_robin
D:3:      layout_basic, grunt_temple_overflow_open, first_ration,
          minmay_misc_feat_cross, chequers_garden, uniq_ijyb

Skill      XL: |  1  2  3  4  5 |
---------------+----------------+-----
Armour         | 2 3 |  3.6
Axes           | 3 4 |  4.2
Fighting       | 4 |  4.6
Dodging        | |  1.7

Action                   |  1- 3 |  4- 6 || total
-------------------------+-------+-------++-------
Melee: Hand axe          |    39 |    70 ||   109
       Kick              |     3 |       ||     3
Invok: Berserk           |     2 |     1 ||     3
 Stab: Sleeping          |     1 |       ||     1
  Eat: Chunk             |     2 |     4 ||     6
Armor: Animal skin       |    10 |       ||    10
       Ring mail         |       |    20 ||    20
Dodge: Dodged            |    23 |    55 ||    78
